 Dungeon Crawl Stone Soup version 0.30-a0-381-g6ea064c7b4 (webtiles) character file.

Game seed: 7824770405216974794

1004 leviel the Cleaver (level 8, -6/70 HPs)
             Began as a Hill Orc Fighter on Dec 1, 2022.
             Mangled by Blork the orc
             ... wielding a +2 glaive of venom
              (16 damage)
             ... on level 6 of the Dungeon.
             The game lasted 00:06:45 (5398 turns).

leviel the Cleaver (Hill Orc Fighter)               Turns: 5398, Time: 00:06:46

Health: -6/70      AC: 11    Str: 21    XL:     8   Next: 20%
Magic:  8/8        EV: 10    Int:  8    God:
Gold:   315        SH:  5    Dex: 10    Spells: 7/7 levels left

rFire   + . .      SeeInvis .    a - +0 war axe
rCold   . . .      Faith    .    c - +0 buckler
rNeg    . . .      Spirit   .    n - +2 ring mail {rF+}
rPois   .          Reflect  .    (no helmet)
rElec   .          Harm     .    (no cloak)
rCorr   .          Rampage  .    k - +0 pair of gloves
Will    .....                    l - +1 pair of boots
Stlth   ..........               (no amulet)
HPRegen 0.31/turn                (no ring)
MPRegen 0.11/turn                (no ring)

@: mighty
A: no striking features
a: no special abilities


You were on level 6 of the Dungeon.
You visited 1 branch of the dungeon, and saw 6 of its levels.

You collected 315 gold pieces.

Inventory:

Hand Weapons
 a - a +0 war axe (weapon)
Missiles
 o - a throwing net (quivered)
Armour
 c - a +0 buckler (worn)
 k - a +0 pair of gloves (worn)
 l - a +1 pair of boots (worn)
 n - a +2 ring mail of fire resistance (worn)
Scrolls
 b - a scroll of immolation
 i - a scroll of silence
 j - 3 scrolls of identify {@r1}
 r - a scroll of summoning {unknown}
Potions
 e - 2 potions of curing
 f - 3 potions of brilliance
 g - 2 potions of haste
 h - a potion of ambrosia
 m - a potion of cancellation {unknown}
 p - 2 potions of degeneration {unknown}
 q - a potion of attraction


   Skills:
 + Level 6.1 Fighting
 * Level 8.1 Axes
 + Level 5.5 Armour
 + Level 5.5 Shields


You had 7 spell levels left.
You didn't know any spells.
Your spell library contained the following spells:

 Spells                   Type           Power      Damage    Failure   Level
 Shock                    Conj/Air       0%         1d3       65%         1
 Summon Small Mammal      Summ           0%         N/A       65%         1
 Call Canine Familiar     Summ           0%         N/A       95%         3
 Gell's Gravitas          Tloc           0%         N/A       95%         3
 Ignite Poison            Fire/Tmut/Pois 0%         N/A       95%         3
 Summon Guardian Golem    Hex/Summ       0%         N/A       95%         3
 Swiftness                Air            0%         N/A       95%         3
 Teleport Other           Tloc           0%         N/A       95%         3
 Airstrike                Air            0%         2d(0-16)  100%        4
 Sticky Flame             Conj/Fire      0%         2d3       100%        4
 Dispersal                Tloc           0%         N/A       100%        6
 Ignition                 Fire           0%         3d3       100%        8


Dungeon Overview and Level Annotations

Branches:
Dungeon (6/15)
 Temple: D:4-7

Altars:
Xom

Annotations:
D:5 1 runed translucent door, 2 transporters, Crazy Yiuf; osoart's ghost, novice HuHu
D:6 Blork the orc


Message History

You feel better. The necrophage hits you.
You feel drained.
Blork the orc hits you from afar with a +2 glaive of venom.
* * * LOW HITPOINT WARNING * * *
You hit the necrophage.
You destroy the necrophage!
Blork the orc points at you and mumbles some strange words.
The puff of frost hits you but does no damage.
Blork the orc hits you from afar with a +2 glaive of venom!
* * * LOW HITPOINT WARNING * * *
You are poisoned.
Your life force feels restored.
Your Axes skill increases to level 8!
* * * LOW HITPOINT WARNING * * *
You feel very sick. Blork the orc barely misses you.
You feel better. You block Blork the orc's attack.
Blork the orc hits you with a +2 glaive of venom.
* * * LOW HITPOINT WARNING * * *
You feel very mighty all of a sudden. You block Blork the orc's attack.
You slash Blork the orc!
Blork the orc is heavily wounded.
Blork the orc hits you but does no damage.
You are poisoned.
Blork the orc hits you with a +2 glaive of venom!
* * * LOW HITPOINT WARNING * * *
You feel better. Blork the orc closely misses you.
You slash Blork the orc!
Blork the orc is severely wounded.
Blork the orc gestures at you while chanting.
The magic dart hits you.
* * * LOW HITPOINT WARNING * * *
Blork the orc points at you and mumbles some strange words.
The puff of flame hits you. You resist.
* * * LOW HITPOINT WARNING * * *
You hit Blork the orc.
Blork the orc is almost dead.
Blork the orc barely misses you.
Blork the orc hits you with a +2 glaive of venom!
You die...

.#### ### .. . § #.#
.#.##§. #.####.#...§≈
#.#.>......§≈
######.#.........≈
#....#.#.#.......§
########.##....@o.......§
#...........).#.##.......
.###....######.# ......≈
#.##.# #.. ......§ # #.#
####......≈ #.# ####..≈
#.#### ###### #.§ #.##.#
#....# .. #.##.###....#


You could see Blork the orc (fast).

Vanquished Creatures
  A sky beast (D:5)
  A black bear (D:5)
  An ice beast (D:4)
  2 necrophages
  2 scorpions (D:5)
  5 hounds
  An iguana (D:4)
  2 orc wizards (D:3)
  6 adders
  10 gnolls
  A shadow imp (D:5)
  2 ufetubi (D:5)
  4 dart slugs
  8 orcs
  7 ball pythons
  6 endoplasms
  3 giant cockroaches
  4 goblins
  5 hobgoblins (D:2)
  4 kobolds
  7 quokkas
  3 bats
  3 frilled lizards
  5 rats
93 creatures vanquished.

Notes
Turn   | Place    | Note
-------+----------+-------------------------------------------
     0 | D:1      | leviel the Hill Orc Fighter began the quest for the Orb.
     0 | D:1      | Reached XP level 1. HP: 19/19 MP: 1/1
   276 | D:1      | Reached skill level 3 in Axes
   279 | D:1      | Reached XP level 2. HP: 17/27 MP: 2/2
   574 | D:1      | Reached XP level 3. HP: 33/33 MP: 3/3
  1513 | D:2      | Reached skill level 4 in Axes
  1740 | D:2      | Reached XP level 4. HP: 40/40 MP: 4/4
  2151 | D:3      | Reached XP level 5. HP: 29/47 MP: 5/5
  2373 | D:3      | Reached skill level 5 in Axes
  2581 | D:3      | Found a shimmering altar of Xom.
  3123 | D:4      | Reached XP level 6. HP: 54/55 MP: 6/6
  3144 | D:4      | Reached skill level 6 in Axes
  3301 | D:4      | Reached skill level 5 in Fighting
  3571 | D:4      | Noticed an ice beast
  3588 | D:4      | Killed an ice beast
  3589 | D:4      | Reached XP level 7. HP: 61/61 MP: 7/7
  3897 | D:5      | Entered Level 5 of the Dungeon
  3970 | D:5      | Reached skill level 5 in Armour
  3970 | D:5      | Reached skill level 5 in Shields
  3973 | D:5      | Reached skill level 7 in Axes
  4410 | D:5      | Reached XP level 8. HP: 66/70 MP: 8/8
  4727 | D:5      | Found a runed translucent door.
  4728 | D:5      | Noticed Crazy Yiuf
  4853 | D:5      | Found a transporter.
  4855 | D:5      | Found a transporter.
  4856 | D:5      | Noticed osoart's ghost (novice HuHu)
  4856 | D:5      | Identified the +5 dire flail of Baosant {venom, rPois rF+
                  | Will- Int+7}
  5373 | D:6      | Noticed Blork the orc
  5392 | D:6      | Reached skill level 8 in Axes
  5398 | D:6      | Mangled by Blork the orc

Illustrated notes

Levels and vault maps discovered:
D:1:      dpeg_arrival_connections, layout_loops_corners
D:2:      layout_loops_corners, supply_closet_lemuel,
          chequers_serial_rivers_micro_b, minmay_bisected
D:3:      layout_basic, mainiacjoe_overflow_alcove_4, cheibrodos_gnoll_hut
D:4:      layout_basic, minmay_quadrilaterals
D:5:      layout_loops_ring, gammafunk_ghost_smash, uniq_crazy_yiuf_cottage
D:6:      layout_basic, kennysheep_boxes, uniq_blork_the_orc

Skill      XL: |  1  2  3  4  5  6  7  8 |
---------------+-------------------------+-----
Axes           | 3 4 5 6 7 8 |  8.1
Fighting       | 4 5 6 |  6.1
Armour         | 4 5 |  5.5
Shields        | 4 5 |  5.5

Action                   |  1- 3 |  4- 6 |  7- 9 || total
-------------------------+-------+-------+-------++-------
Melee: War axe           |    84 |   136 |   125 ||   345
  Use: Scroll            |     5 |     8 |     2 ||    15
       Potion            |       |     3 |     5 ||     8
Armor: Scale mail        |    38 |    58 |       ||    96
       Ring mail         |       |     8 |    70 ||    78
Dodge: Dodged            |    30 |    93 |    78 ||   201
Block: Buckler           |    22 |    28 |    41 ||    91

Table legend: (Time is in decaauts)
 A = Elapsed time spent in this place.
 B = Non-inter-level travel time spent in this place.
 C = Inter-level travel time spent in this place.
 D = Time resting spent in this place.
 E = Time spent auto-exploring this place.
 F = Levels seen in this place.
 G = Mean time per level.
                   A        B        C        D        E       F      G
               +--------+--------+--------+--------+--------+-----+--------+
         Total |   5448 |   5209 |    239 |    491 |   3863 |   6 |  908.0 |
       Dungeon |   5448 |   5209 |    239 |    491 |   3863 |   6 |  908.0 |
               +--------+--------+--------+--------+--------+-----+--------+

Top non-repeatable levels by time:
     D:5: 1375 daAuts
     D:3: 1130 daAuts
     D:1: 1063 daAuts
     D:2: 948 daAuts
     D:4: 787 daAuts
     D:6: 142 daAuts
